 Dungeon Crawl Stone Soup version 0.27.1-34-g3ba077fa99 (webtiles) character file.

Game seed: 9194425446662727732

110 Gabide the Poker (level 5, -1/41 HPs)
             Began as a Human Monk on Jan 21, 2022.
             Succumbed to a scorpion's poison
             ... on level 3 of the Dungeon.
             The game lasted 00:03:16 (3463 turns).

Gabide the Poker (Human Monk)                       Turns: 3463, Time: 00:03:16

Health: -1/41      AC:  3    Str: 12    XL:     5   Next: 14%
Magic:  14/14      EV: 13    Int: 10    God:
Gold:   118        SH:  0    Dex: 16    Spells: 4/4 levels left

rFire    + . .     SeeInvis .   h - +4 trident
rCold    + . .     Faith    +   (no shield)
rNeg     . . .     Spirit   .   b - +0 robe
rPois    +         Reflect  .   (no helmet)
rElec    +         Harm     .   (no cloak)
rCorr    +         Rampage  .   (no gloves)
Will     .....                  j - +0 pair of boots
Stlth    ++........             g - amulet of faith
HPRegen  0.13/turn              i - ring of magical power
MPRegen  0.14/turn              (no ring)

@: lethally poisoned (-1 -> -29), resistant
A: no striking features
a: no special abilities


You were on level 3 of the Dungeon.
You visited 1 branch of the dungeon, and saw 3 of its levels.

You collected 118 gold pieces.

Inventory:

Hand Weapons
 h - a +4 trident (weapon)
Armour
 b - a +0 robe (worn)
 j - a +0 pair of boots (worn)
Jewellery
 g - an amulet of faith (around neck)
 i - a ring of magical power (left hand)
Scrolls
 a - a scroll of blinking
 c - a scroll of amnesia
 d - a scroll of identify
 e - a scroll of teleportation
 f - a scroll of vulnerability


   Skills:
 + Level 3.5 Fighting
 + Level 3.9 Polearms
 * Level 3.9 Dodging
 + Level 2.8 Stealth


You had 4 spell levels left.
You didn't know any spells.
Your spell library contained the following spells:

 Spells                   Type           Power      Damage    Failure   Level
 Magic Dart               Conj           0%         1d3       36%         1
 Call Imp                 Summ           0%         N/A       50%         2
 Conjure Flame            Conj/Fire      0%         6-21      75%         3
 Ignite Poison            Fire/Tmut/Pois 0%         N/A       75%         3
 Mephitic Cloud           Conj/Pois/Air  0%         N/A       75%         3
 Sticky Flame             Conj/Fire      0%         2d3       98%         4


Dungeon Overview and Level Annotations

Branches:
Dungeon (3/15)

Altars:


Message History

The scorpion is severely wounded.
You feel sick.
The scorpion stings you but does no damage.
You closely miss the scorpion.
The scorpion is severely wounded.
You feel sick. The scorpion misses you. The scorpion stings you.
You are more poisoned.
The scorpion poisons you!
You are too injured to fight recklessly!
You are too injured to fight recklessly!
You are too injured to fight recklessly!
You are too injured to fight recklessly!
You are too injured to fight recklessly!
You are too injured to fight recklessly!
You are too injured to fight recklessly!
You are too injured to fight recklessly!
You are too injured to fight recklessly!
You are too injured to fight recklessly!
You hit the scorpion but do no damage.
The scorpion is severely wounded.
You feel very sick. The scorpion completely misses you.
You closely miss the scorpion.
The scorpion is severely wounded.
* * * LOW HITPOINT WARNING * * *
You feel very sick. The scorpion closely misses you.
You hit the scorpion.
The scorpion is severely wounded.
* * * LOW HITPOINT WARNING * * *
You feel sick. The scorpion stings you.
* * * LOW HITPOINT WARNING * * *
You are more poisoned.
The scorpion poisons you! The scorpion stings you.
* * * LOW HITPOINT WARNING * * *
You are more poisoned.
The scorpion poisons you!
It was a potion of resistance.
You feel protected.
You die...

########
#......#
#......#
#......#
#.!....#
#......#
#......#
#.s@...#
####.#####..
###.........
#......#####
#.#..#.#
#.######....#.#
#........#.##.#
########.#.##.#
#########
#......#
#.......#


You could see a scorpion.

Vanquished Creatures
  3 adders
  2 worms (D:2)
  4 dart slugs
  4 orcs (D:3)
  8 ball pythons
  9 endoplasms
  A giant cockroach (D:1)
  7 goblins
  4 hobgoblins
  2 kobolds (D:2)
  A quokka (D:1)
  7 bats
  5 frilled lizards
  6 rats
63 creatures vanquished.

Notes
Turn   | Place    | Note
-------+----------+-------------------------------------------
     0 | D:1      | Gabide the Human Monk began the quest for the Orb.
     0 | D:1      | Reached XP level 1. HP: 18/18 MP: 1/1
   135 | D:1      | Reached XP level 2. HP: 24/24 MP: 2/2
   721 | D:1      | Found a faded altar of an unknown god.
   848 | D:1      | Reached XP level 3. HP: 26/29 MP: 3/3
  2018 | D:2      | Reached XP level 4. HP: 18/35 MP: 4/4
  3278 | D:3      | Reached XP level 5. HP: 40/41 MP: 5/5
  3463 | D:3      | Succumbed to a scorpion's poison

Illustrated notes

Levels and vault maps discovered:
D:1:      amcnicky_arrival_flooded_fountain, layout_loops_ring,
          shapermc_ecumenical_altar_mp_ritualfount
D:2:      layout_loops_ring, amcnicky_mini_rare_corridor_liquid,
          grunt_ministairs_14
D:3:      layout_loops_cross, serial_shops, nicolae_shop_overgrown_old_shop

Action                   |  1- 3 |  4- 6 || total
-------------------------+-------+-------++-------
Melee: Spear             |   146 |    81 ||   227
       Trident           |       |    18 ||    18
  Use: Scroll            |       |     5 ||     5
       Potion            |       |     1 ||     1
 Stab: Sleeping          |    12 |    12 ||    24
Armor: Robe              |    16 |     4 ||    20
Dodge: Dodged            |    64 |    33 ||    97
